 Dungeon Crawl Stone Soup version 0.28-a0-1510-gd0f6b136d3 (webtiles) character file.

Game seed: 17326245160623303754

88 Shayle the Skirmisher (level 4, -15/38 HPs)
             Began as a Djinni Warper on Jan 16, 2022.
             Killed by divine providence
             ... invoked by an orc priest
              (17 damage)
             ... on level 3 of the Dungeon.
             The game lasted 00:04:52 (2966 turns).

Shayle the Skirmisher (Djinni Warper)               Turns: 2966, Time: 00:04:53

Health: -15/38     AC:  3    Str: 16    XL:     4   Next: 81%
Gold:   107        EV: 12    Int: 16    God:
                   SH:  0    Dex: 13

rFire   + + .      SeeInvis .   f - +2 dagger (elec)
rCold   x . .      Faith    .   (no shield)
rNeg    . . .      Spirit   .   a - +0 leather armour
rPois   ∞          Reflect  .   (no helmet)
rElec   .          Harm     .   (no cloak)
rCorr   .          Rampage  .   (no gloves)
Will    +....                   (boots unavailable)
Stlth   +.........              (no amulet)
HPRegen 0.12/turn               b - ring of willpower
MPRegen 0.00/turn               j - +6 ring of strength

@: flying, hasted, very quick
A: sickness immunity, fire resistance 2, cold vulnerability 1, float, innate
caster, hp casting, extra vitality 1
a: no special abilities


You were on level 3 of the Dungeon.
You visited 1 branch of the dungeon, and saw 3 of its levels.

You collected 107 gold pieces.

Inventory:

Hand Weapons
 f - a +2 dagger of electrocution (weapon)
Missiles
 c - a boomerang of dispersal (quivered)
 i - 3 boomerangs
Armour
 a - a +0 leather armour (worn)
Jewellery
 b - a ring of willpower (left hand)
 j - a +6 ring of strength (right hand)
 m - a ring of positive energy
 q - a ring of willpower
Scrolls
 e - a scroll of blinking
 h - a scroll of enchant armour {unknown}
 l - a scroll of enchant weapon {unknown}
 n - a scroll of immolation {unknown}
 o - 3 scrolls of identify {unknown}
 r - a scroll of amnesia {unknown}
Potions
 d - a potion of mutation {unknown}
 g - a potion of berserk rage {unknown}
 p - a potion of might {unknown}
 s - a potion of cancellation {unknown}


   Skills:
 + Level 4.6 Fighting
 - Level 0.7 Throwing
 - Level 1.0 Armour
 - Level 2.1 Dodging
 - Level 2.0 Unarmed Combat
 - Level 2.4 Spellcasting


You couldn't memorise any spells.
You knew the following spells:

 Your Spells              Type           Power      Damage    Failure   Level
a - Blink                 Tloc           18%        N/A       14%         2
b - Lesser Beckoning      Tloc           9%         N/A       26%         3
c - Gell's Gravitas       Tloc           9%         N/A       26%         3
d - Teleport Other        Tloc           9%         N/A       26%         3
e - Manifold Assault      Tloc           9%         N/A       94%         5
f - Apportation           Tloc           18%        N/A       9%          1
Your spell library was empty.

Dungeon Overview and Level Annotations

Branches:
Dungeon (3/15)

Altars:
Dithmenos

Annotations:
D:2 1 runed translucent door, Crazy Yiuf


Innate Abilities, Weirdness & Mutations

You are immune to sickness and miasma.
You are immune to poison.
Your flesh is very heat resistant. (rF++)
You are vulnerable to cold. (rC-)
You float through the air rather than walking.
You learn spells naturally, not from books.
Your magical power is your life essence.
You have superior vitality. (+4 MHP)


Message History

You kill the ball python!
A frilled lizard and an orc priest come into view.
Found a shadowy altar of Dithmenos.
Found a stone staircase leading down.
s - a silvery potion You now have 78 gold pieces (gained 8).
You now have 90 gold pieces (gained 12).
You now have 107 gold pieces (gained 17).
An orc priest comes into view. It is wielding a +0 hand axe.
The orc priest shouts! x2
An orc wizard comes into view. It is wielding a +0 dagger.
The orc priest calls down the wrath of Beogh upon you.
Beogh smites you! The orc priest hits you with a +0 club.
You hear a shout!
You closely miss the orc priest.
An orc comes into view. It is wielding a +0 dagger.
You hit the orc priest but do no damage.
The orc priest misses you.
You barely miss the orc priest. The orc priest hits you with a +0 club.
Unknown command.
You hit the orc priest.
The orc priest is moderately wounded.
The orc priest hits you with a +0 club.
Unknown command.
You barely miss the orc priest.
The orc priest invokes the aid of Beogh against you.
You resist with some effort.
The orc wizard points at you and mumbles some strange words.
The magic dart hits you.
* * * LOW HITPOINT WARNING * * *
The orc priest barely misses you.
It was a potion of haste.
You feel yourself speed up.
The frilled lizard hisses angrily.
The orc priest begins to cast a cantrip, but forgets the words!
The orc wizard casts a spell at you. The magic dart hits you!
* * * LOW HITPOINT WARNING * * *
The orc priest calls down the wrath of Beogh upon you.
Beogh smites you!
You die...

#. #.# #.#
#........###.## # .
#.# #.# #....##..# #.#
#.#
#.####.#####..###.## #
#.#
#............#...#.###
#..#######.#####.##.#.
#..# #.......##..#
#..# #.#####.##.##
#..#######. #.##.##
#....@oo##. #>.....
##..?oo.##. .......
#.........# #.#....
##.....##.# #.#....
......l. # #.##.._
###.# ####.≈###o
#.##... ....# #..≈.. #
##.##.PP ##### #...≈##
##...#...
#######..≈.≈##
.........


You could see 2 orc priests, an orc wizard, an orc and a frilled lizard.

Vanquished Creatures
  3 adders (D:2)
  2 worms (D:2)
  2 dart slugs
  3 bats (D:1)
  6 endoplasms
  A giant cockroach (D:1)
  8 goblins
  5 hobgoblins
  3 jackals (D:1)
  3 quokkas
  5 ball pythons
  2 frilled lizards
  A kobold (D:1)
  5 rats
49 creatures vanquished.

Vanquished Creatures (others)
  11 plants (D:2)
11 creatures vanquished.

Grand Total: 60 creatures vanquished

Notes
Turn   | Place    | Note
-------+----------+-------------------------------------------
     0 | D:1      | Shayle the Djinni Warper began the quest for the Orb.
     0 | D:1      | Reached XP level 1. HP: 18/18 MP: 0/0
   574 | D:3      | Reached XP level 2. HP: 19/24 MP: 0/0
   836 | D:1      | Reached skill level 3 in Fighting
  1075 | D:1      | Reached XP level 3. HP: 30/30 MP: 0/0
  1075 | D:1      | Learned a level 1 spell: Apportation
  1676 | D:2      | Found a faded altar of an unknown god.
  1885 | D:2      | Reached skill level 4 in Fighting
  1885 | D:2      | Reached XP level 4. HP: 30/37 MP: 0/0
  2169 | D:2      | Found a runed translucent door.
  2170 | D:2      | Noticed Crazy Yiuf
  2812 | D:3      | Found a shadowy altar of Dithmenos.
  2966 | D:3      | Killed from afar by an orc priest

Illustrated notes

Levels and vault maps discovered:
D:1:      lemuel_arrival_river_ford, layout_basic, minmay_tromino_v7
D:2:      layout_rooms, basic_ecumenical_altar, serial_bayou_ford_a,
          palyth_stone_intersect, minmay_small_reverse_x,
          uniq_crazy_yiuf_cottage
D:3:      layout_loops_ring, mainiacjoe_overflow_chevrons,
          chequers_serial_rivers_micro_e, minmay_liquid_box

Skill      XL: |  1  2  3 |
---------------+----------+-----
Fighting       | 3 4 |  4.6
Throwing       | |  0.7
Armour         | |  1.0
Dodging        | |  2.1
Unarmed Combat | |  2.0
Spellcasting   | |  2.4

Action                   |  1- 3 |  4- 6 || total
-------------------------+-------+-------++-------
Melee: Unarmed           |    23 |       ||    23
       Dagger            |    89 |    45 ||   134
       Punch             |     1 |     2 ||     3
Throw: Boomerang         |     4 |       ||     4
  Use: Scroll            |     1 |       ||     1
       Potion            |       |     1 ||     1
Armor: Leather armour    |    37 |     6 ||    43
Dodge: Dodged            |    97 |    21 ||   118

Table legend: (Time is in decaauts)
 A = Elapsed time spent in this place.
 B = Non-inter-level travel time spent in this place.
 C = Inter-level travel time spent in this place.
 D = Time resting spent in this place.
 E = Time spent auto-exploring this place.
 F = Levels seen in this place.
 G = Mean time per level.
                   A        B        C        D        E       F      G
               +--------+--------+--------+--------+--------+-----+--------+
         Total |   2965 |   2895 |     70 |    365 |   1920 |   3 |  988.3 |
       Dungeon |   2965 |   2895 |     70 |    365 |   1920 |   3 |  988.3 |
               +--------+--------+--------+--------+--------+-----+--------+

Top non-repeatable levels by time:
     D:1: 1266 daAuts
     D:2: 948 daAuts
     D:3: 750 daAuts
